[Event "EYTCC U12 Open 2019"]
[Site "Pardubice"]
[Date "2019.07.13"]
[Round "3.6"]
[White "Navumenka, Mikhei"]
[Black "Konyves, Almos"]
[Result "1-0"]
[ECO "E04"]
[WhiteElo "2196"]
[BlackElo "2104"]
[Annotator "NA"]
[PlyCount "99"]
[EventDate "2019.07.11"]
[EventType "swiss"]
[EventCountry "CZE"]
[SourceTitle "playchess.com"]
[Source "ChessBase"]
[SourceQuality "1"]
[WhiteTeam "Belarus"]
[BlackTeam "Hungary"]
[WhiteTeamCountry "BLR"]
[BlackTeamCountry "HUN"]
[TimeControl "40/5400+30:1800+30"]

1. d4 d5 2. c4 e6 3. Nf3 Nf6 4. g3 dxc4 5. Bg2 Nc6 6. O-O Rb8 7. Nc3 Be7 8. Qa4 O-O 9. Qxc4 a6 10. a4 Na5 11. Qd3 Nb3 12. Rb1 Nxc1 13. Rbxc1 c5 14. Rfd1 Qb6 15. dxc5 Bxc5 16. e3 Bd7 17. Ne5 Rfd8 18. Qe2 Be8 19. g4 h6 20. h4 Be7 21. g5 hxg5 22. hxg5 Nd7 23. Nc4 Qb4 24. g6 f5 25. e4 Bxg6 26. Rxd7 Rxd7 27. Ne5 Be8 28. Nxd7 Bxd7 29. exf5 Rf8 30. fxe6 Bc6 31. Nd5 Bxd5 32. Bxd5 Qf4 33. Rc2 Rd8 34. Qh5 Qxa4 35. Qf7+ Kh8 36. Qh5+ Kg8 37. Rc3 Qe8 38. Qf5 Qf8 39. Qxf8+ Kxf8 40. Bxb7 Bf6 41. Rc7 Rd6 42. Bc8 Bxb2 43. Rf7+ Kg8 44. Bd7 Rd1+ 45. Kg2 Re1 46. Bc8 Bf6 47. Ra7 Ra1 48. Bxa6 Kf8 49. e7+ Kf7 50. Bc4+ 1-0

[Event "EYTCC U12 Open 2019"]
[Site "Pardubice"]
[Date "2019.07.13"]
[Round "3.7"]
[White "Gaal, Zsoka"]
[Black "Bialiauski, Artsiom"]
[Result "1-0"]
[ECO "A06"]
[WhiteElo "2047"]
[BlackElo "1784"]
[Annotator "NA"]
[PlyCount "89"]
[EventDate "2019.07.11"]
[EventType "swiss"]
[EventCountry "CZE"]
[SourceTitle "playchess.com"]
[Source "ChessBase"]
[SourceQuality "1"]
[WhiteTeam "Hungary"]
[BlackTeam "Belarus"]
[WhiteTeamCountry "HUN"]
[BlackTeamCountry "BLR"]
[TimeControl "40/5400+30:1800+30"]

1. Nf3 d5 2. g3 c6 3. Bg2 Bg4 4. c4 e6 5. O-O Nf6 6. b3 Bd6 7. Bb2 O-O 8. d3 Qe7 9. Nbd2 e5 10. Qc2 Nbd7 11. h3 Bh5 12. e4 dxe4 13. dxe4 Rfe8 14. Nh4 Bg6 15. Nf5 Bxf5 16. exf5 Ba3 17. Bc3 Bb4 18. Bxb4 Qxb4 19. a3 Qb6 20. b4 Rad8 21. c5 Qc7 22. Nc4 Nd5 23. Nd6 Re7 24. Rad1 N7f6 25. Rfe1 Ne8 26. Nxe8 Rexe8 27. Qb3 Nf6 28. Qa4 a6 29. Qb3 h6 30. Qc4 Kf8 31. a4 Qc8 32. g4 Qc7 33. b5 axb5 34. axb5 Rd4 35. Rxd4 cxb5 36. Qb4 exd4 37. c6+ Kg8 38. Rxe8+ Nxe8 39. cxb7 Nd6 40. Qa5 Qc1+ 41. Bf1 Nxb7 42. Qa8+ Kh7 43. Qxb7 d3 44. Qxf7 Qc3 45. f6 1-0

[Event "EYTCC U12 Open 2019"]
[Site "Pardubice"]
[Date "2019.07.13"]
[Round "3.8"]
[White "Piatrenka, Ivan"]
[Black "Giang, Tran Nam"]
[Result "0-1"]
[ECO "D00"]
[WhiteElo "1498"]
[BlackElo "1931"]
[Annotator "NA"]
[PlyCount "102"]
[EventDate "2019.07.11"]
[EventType "swiss"]
[EventCountry "CZE"]
[SourceTitle "playchess.com"]
[Source "ChessBase"]
[SourceQuality "1"]
[WhiteTeam "Belarus"]
[BlackTeam "Hungary"]
[WhiteTeamCountry "BLR"]
[BlackTeamCountry "HUN"]
[TimeControl "40/5400+30:1800+30"]

1. d4 d5 2. Bf4 Nf6 3. e3 c5 4. c3 Nc6 5. Nf3 Qb6 6. Qb3 c4 7. Qc2 Bf5 8. Qc1 e6 9. h3 Be7 10. Nbd2 O-O 11. Be2 h6 12. O-O Rfc8 13. Ne5 Nxe5 14. Bxe5 Qd8 15. a4 b6 16. Re1 a6 17. Bf3 b5 18. e4 Bh7 19. Re3 dxe4 20. Nxe4 Nd5 21. Re2 Qd7 22. Qe1 b4 23. g4 Ra7 24. Qd2 Rb7 25. Bg2 bxc3 26. bxc3 Rb3 27. Ree1 Rc6 28. a5 Qb7 29. Nc5 Bxc5 30. dxc5 Bd3 31. Bxd5 exd5 32. Qe3 Re6 33. Qd4 Qe7 34. Qxd5 Rb5 35. Re3 Rxc5 36. Qa8+ Kh7 37. Bd4 Rxe3 38. Bxe3 Re5 39. Qf3 f5 40. Ra2 fxg4 41. hxg4 Qh4 42. Qf4 Rg5 43. f3 Rb5 44. Ra1 Rb2 45. Bd2 Qe7 46. Qe3 Qd6 47. Qf4 Qd5 48. g5 Be2 49. g6+ Kxg6 50. Qg4+ Kh7 51. Be3 Bxf3 0-1

[Event "EYTCC U12 Open 2019"]
[Site "Pardubice"]
[Date "2019.07.13"]
[Round "3.9"]
[White "Royal, Shreyas"]
[Black "Cohen, Elad"]
[Result "1/2-1/2"]
[ECO "E04"]
[WhiteElo "1996"]
[BlackElo "2002"]
[Annotator "NA"]
[PlyCount "99"]
[EventDate "2019.07.11"]
[EventType "swiss"]
[EventCountry "CZE"]
[SourceTitle "playchess.com"]
[Source "ChessBase"]
[SourceQuality "1"]
[WhiteTeam "England"]
[BlackTeam "Israel"]
[WhiteTeamCountry "ENG"]
[BlackTeamCountry "ISR"]
[TimeControl "40/5400+30:1800+30"]

1. d4 Nf6 2. c4 e6 3. g3 d5 4. Bg2 dxc4 5. Nf3 Bb4+ 6. Bd2 a5 7. O-O O-O 8. Qc2 Bxd2 9. Nbxd2 b5 10. a4 c6 11. b3 cxb3 12. Nxb3 Ba6 13. Rfd1 Qb6 14. Ne5 Rc8 15. Nc5 b4 16. e4 Ra7 17. Qb3 Rf8 18. Rac1 Rc7 19. Nxa6 Qxa6 20. d5 c5 21. d6 Rcc8 22. Bf1 Qa7 23. Bc4 Rfe8 24. Bb5 Red8 25. Qe3 h5 26. h3 Nfd7 27. Nd3 Qb6 28. e5 c4 29. Bxc4 Qxe3 30. fxe3 Nc5 31. Bb5 Ne4 32. Rxc8 Rxc8 33. Nf4 Nc3 34. Ra1 b3 35. Nd3 f6 36. exf6 gxf6 37. d7 Rd8 38. Bc4 Kf7 39. Bxb3 Nxd7 40. Bd1 Nxd1 41. Rxd1 Rc8 42. Nf4 Ne5 43. Nxh5 Rc4 44. Rf1 Rxa4 45. Nxf6 Ke7 46. h4 Ra3 47. Ng8+ Ke8 48. Nf6+ Ke7 49. Ng8+ Ke8 50. Nf6+ 1/2-1/2

[Event "EYTCC U12 Open 2019"]
[Site "Pardubice"]
[Date "2019.07.13"]
[Round "3.10"]
[White "Vagman, Roy"]
[Black "Dias, Savin"]
[Result "1-0"]
[ECO "B23"]
[WhiteElo "1941"]
[BlackElo "1840"]
[Annotator "NA"]
[PlyCount "115"]
[EventDate "2019.07.11"]
[EventType "swiss"]
[EventCountry "CZE"]
[SourceTitle "playchess.com"]
[Source "ChessBase"]
[SourceQuality "1"]
[WhiteTeam "Israel"]
[BlackTeam "England"]
[WhiteTeamCountry "ISR"]
[BlackTeamCountry "ENG"]
[TimeControl "40/5400+30:1800+30"]

1. e4 c5 2. Nc3 g6 3. d4 Bg7 4. d5 d6 5. Be2 a6 6. a4 e5 7. f4 f5 8. exf5 Bxf5 9. Bd3 Ne7 10. Nge2 O-O 11. O-O Nd7 12. Ng3 exf4 13. Bxf4 Bd4+ 14. Kh1 Bxd3 15. Qxd3 Ne5 16. Bxe5 Bxe5 17. Nce4 Qd7 18. Rfe1 Bxb2 19. Rab1 Bg7 20. Rb6 Nc8 21. Rbb1 Ne7 22. Qb3 Nf5 23. Nxf5 Rxf5 24. Ng3 Rf7 25. Re6 Re8 26. Ne4 Rfe7 27. Re1 Be5 28. Ng5 Rxe6 29. Nxe6 Qf7 30. Qd3 Qd7 31. Rf1 Bg7 32. Qf3 b5 33. a5 Qe7 34. g3 Ra8 35. Qg4 Ra7 36. h4 Qe8 37. h5 Rf7 38. Re1 Qa8 39. Qe4 Qe8 40. Kg2 Re7 41. Re3 gxh5 42. Qh4 Rf7 43. Re4 Qd7 44. Qxh5 Bc3 45. Qg5+ Kh8 46. Qh5 Bd2 47. Re2 Bc1 48. c3 b4 49. Qh1 Qb5 50. Qh5 Qd7 51. cxb4 cxb4 52. Rc2 b3 53. Rxc1 b2 54. Rc8+ Qxc8 55. Qxf7 Qc2+ 56. Kh3 Qg6 57. Qf8+ Qg8 58. Qf6+ 1-0

[Event "EYTCC U12 Open 2019"]
[Site "Pardubice"]
[Date "2019.07.13"]
[Round "3.11"]
[White "Merriman, James"]
[Black "Uritsky, Yonathan"]
[Result "0-1"]
[ECO "D92"]
[WhiteElo "1808"]
[BlackElo "2040"]
[Annotator "NA"]
[PlyCount "86"]
[EventDate "2019.07.11"]
[EventType "swiss"]
[EventCountry "CZE"]
[SourceTitle "playchess.com"]
[Source "ChessBase"]
[SourceQuality "1"]
[WhiteTeam "England"]
[BlackTeam "Israel"]
[WhiteTeamCountry "ENG"]
[BlackTeamCountry "ISR"]
[TimeControl "40/5400+30:1800+30"]

1. d4 Nf6 2. c4 g6 3. Nc3 d5 4. Nf3 Bg7 5. Bf4 O-O 6. Rc1 c5 7. dxc5 Qa5 8. cxd5 Rd8 9. Qd2 Nxd5 10. Nxd5 Qxd2+ 11. Bxd2 Rxd5 12. e4 Rd8 13. b4 Bg4 14. Bb5 Nc6 15. Bxc6 bxc6 16. Bc3 Bxf3 17. gxf3 a5 18. Bxg7 Kxg7 19. Rc2 axb4 20. Ke2 Ra3 21. Rb1 Rda8 22. Rbb2 Kf6 23. Rxb4 Rxa2 24. Rxa2 Rxa2+ 25. Ke3 Ra3+ 26. Kd4 Rxf3 27. Rb6 Rxf2 28. Rxc6+ e6 29. Rc7 Rxh2 30. e5+ Kg7 31. c6 Rc2 32. Kd3 Rc5 33. Kd4 Rc1 34. Rc8 h5 35. Ke4 g5 36. c7 h4 37. Kf3 Rc4 38. Kg2 g4 39. Kh2 Rc2+ 40. Kh1 g3 41. Rd8 Rxc7 42. Rd4 Rc2 43. Rxh4 Rh2+ 0-1

[Event "EYTCC U12 Open 2019"]
[Site "Pardubice"]
[Date "2019.07.13"]
[Round "3.12"]
[White "Tsirilman, Guy"]
[Black "Thatte, Nishchal"]
[Result "0-1"]
[ECO "C00"]
[WhiteElo "1792"]
[BlackElo "1686"]
[Annotator "NA"]
[PlyCount "154"]
[EventDate "2019.07.11"]
[EventType "swiss"]
[EventCountry "CZE"]
[SourceTitle "playchess.com"]
[Source "ChessBase"]
[SourceQuality "1"]
[WhiteTeam "Israel"]
[BlackTeam "England"]
[WhiteTeamCountry "ISR"]
[BlackTeamCountry "ENG"]
[TimeControl "40/5400+30:1800+30"]

1. e4 e6 2. d3 d5 3. Nd2 c5 4. Ngf3 Nc6 5. g3 Bd6 6. Bg2 Nge7 7. O-O O-O 8. Re1 a6 9. c3 b5 10. e5 Bc7 11. Nb3 Bb6 12. Be3 c4 13. dxc4 bxc4 14. Nbd4 Rb8 15. Rb1 Bc7 16. Bg5 Bd7 17. Nxc6 Bxc6 18. Nd4 Bd7 19. Qg4 Qe8 20. h4 Ng6 21. Nf3 h6 22. Be3 Kh8 23. h5 Ne7 24. Nh4 Nf5 25. Nxf5 exf5 26. Qd1 Be6 27. Bc5 Rg8 28. Qd4 Qd7 29. Red1 Rge8 30. f4 Red8 31. Rd2 Qc6 32. Qf2 Rd7 33. Rbd1 Rbd8 34. Be3 Kg8 35. Bf3 Rb8 36. Qg2 Rbd8 37. Kh2 Bb6 38. Bd4 Bc5 39. Qf2 Be7 40. Rg1 Rb8 41. Qg2 Kh7 42. g4 fxg4 43. Bxg4 Bxg4 44. Qxg4 g6 45. Rdg2 g5 46. fxg5 Bxg5 47. Qf5+ Kg8 48. Be3 Qe6 49. Bxg5 Qxf5 50. Bf6+ Qg5 51. Bxg5 hxg5 52. Rxg5+ Kh8 53. R5g2 Rdb7 54. Rb1 Rb6 55. Kg3 a5 56. a4 Rb3 57. Rc2 d4 58. Kf4 dxc3 59. Ke4 cxb2 60. Rxc4 Ra3 61. Rc2 Rxa4+ 62. Kf5 Rab4 63. Rc5 a4 64. e6 fxe6+ 65. Kg6 a3 66. Ra5 Rc4 67. Rxa3 Rc1 68. Rxb2 Rg1+ 69. Kh6 Rxb2 70. Ra8+ Rg8 71. Ra7 Rgb8 72. Rg7 R2b7 73. Rg6 Rh7+ 74. Kg5 Rg7 75. Kf6 Rf8+ 76. Kg5 Rxg6+ 77. Kxg6 e5 0-1

[Event "EYTCC U12 Open 2019"]
[Site "Pardubice"]
[Date "2019.07.13"]
[Round "3.13"]
[White "Finek, Vaclav"]
[Black "Tarhan, Adar"]
[Result "0-1"]
[ECO "C50"]
[WhiteElo "2043"]
[BlackElo "1972"]
[Annotator "NA"]
[PlyCount "114"]
[EventDate "2019.07.11"]
[EventType "swiss"]
[EventCountry "CZE"]
[SourceTitle "playchess.com"]
[Source "ChessBase"]
[SourceQuality "1"]
[WhiteTeam "Czech Republic"]
[BlackTeam "Turkey"]
[WhiteTeamCountry "CZE"]
[BlackTeamCountry "TUR"]
[TimeControl "40/5400+30:1800+30"]

1. e4 e5 2. Nf3 Nc6 3. Bc4 Bc5 4. d3 Nf6 5. c3 d6 6. O-O O-O 7. Nbd2 a6 8. Bb3 Ba7 9. h3 Ne7 10. Re1 Ng6 11. Nf1 Nh5 12. Be3 Nhf4 13. Kh2 Kh8 14. Bxa7 Rxa7 15. Ne3 f5 16. Nxf5 Bxf5 17. exf5 Rxf5 18. g3 Qf6 19. gxf4 Rxf4 20. Re3 Ra8 21. Qe2 Rf8 22. Bd1 Nh4 23. Nxh4 Rxf2+ 24. Ng2 Qf4+ 25. Rg3 Rxe2 26. Bxe2 Qd2 27. Rf3 Rxf3 28. Bxf3 c6 29. Rf1 g6 30. Bg4 Kg7 31. Be6 Qxb2 32. Rf7+ Kh6 33. h4 e4 34. Re7 exd3 35. Bg8 g5 36. Rxh7+ Kg6 37. Rd7 Qxc3 38. Bh7+ Kh6 39. hxg5+ Kxg5 40. Bxd3 Qxd3 41. Rxb7 Qd4 42. Rb3 c5 43. Rg3+ Kf6 44. Rf3+ Ke7 45. Kg3 Qg7+ 46. Kh3 Kd7 47. Nf4 Qh7+ 48. Kg4 Qg8+ 49. Kh3 Qxa2 50. Nh5 a5 51. Nf6+ Kc6 52. Kg3 a4 53. Ne4 a3 54. Nc3 Qg8+ 55. Kf2 a2 56. Nxa2 Qxa2+ 57. Kg3 c4 0-1

[Event "EYTCC U12 Open 2019"]
[Site "Pardubice"]
[Date "2019.07.13"]
[Round "3.14"]
[White "Celik, Hasan Huseyin"]
[Black "Nemec, Jachym"]
[Result "0-1"]
[ECO "A57"]
[WhiteElo "1903"]
[BlackElo "1927"]
[Annotator "NA"]
[PlyCount "98"]
[EventDate "2019.07.11"]
[EventType "swiss"]
[EventCountry "CZE"]
[SourceTitle "playchess.com"]
[Source "ChessBase"]
[SourceQuality "1"]
[WhiteTeam "Turkey"]
[BlackTeam "Czech Republic"]
[WhiteTeamCountry "TUR"]
[BlackTeamCountry "CZE"]
[TimeControl "40/5400+30:1800+30"]

1. d4 Nf6 2. c4 c5 3. d5 b5 4. cxb5 g6 5. Nc3 Bg7 6. Nf3 O-O 7. e4 Qa5 8. Nd2 d6 9. Be2 a6 10. Nc4 Qd8 11. b6 Nbd7 12. Bf4 Nxb6 13. Ne3 Ne8 14. O-O Bd7 15. a4 a5 16. Qd2 Nc7 17. Bg3 f5 18. exf5 Bxf5 19. Rfe1 Rb8 20. Bh4 Bh6 21. Rad1 Rf7 22. b3 Qf8 23. Bf3 Nd7 24. Qa2 Ne5 25. Be2 Bxe3 26. fxe3 Qh6 27. Bf2 Rbf8 28. Rd2 Bd3 29. Bxd3 Nxd3 30. Rxd3 Rxf2 31. Qxf2 Rxf2 32. Kxf2 Qxh2 33. e4 Qe5 34. Rf3 Ne8 35. Re2 Nf6 36. Kg1 Ng4 37. g3 Qd4+ 38. Kg2 Ne5 39. Rfe3 g5 40. Nb5 Qd1 41. Re1 Qh5 42. Rh1 Qg6 43. Rhe1 g4 44. Rd1 Qh6 45. Kf2 Qh2+ 46. Kf1 Nf3 47. Nc3 Qxg3 48. Ke2 Qg2+ 49. Kd3 Ne5# 0-1

[Event "EYTCC U12 Open 2019"]
[Site "Pardubice"]
[Date "2019.07.13"]
[Round "3.15"]
[White "Brozka, Karel"]
[Black "Portakalci, Yusuf"]
[Result "0-1"]
[ECO "A48"]
[WhiteElo "1816"]
[BlackElo "1764"]
[Annotator "NA"]
[PlyCount "70"]
[EventDate "2019.07.11"]
[EventType "swiss"]
[EventCountry "CZE"]
[SourceTitle "playchess.com"]
[Source "ChessBase"]
[SourceQuality "1"]
[WhiteTeam "Czech Republic"]
[BlackTeam "Turkey"]
[WhiteTeamCountry "CZE"]
[BlackTeamCountry "TUR"]
[TimeControl "40/5400+30:1800+30"]

1. d4 Nf6 2. Nf3 g6 3. Nc3 d5 4. Bf4 Bg7 5. e3 O-O 6. Be2 a6 7. Ne5 Nbd7 8. h4 c5 9. h5 Qa5 10. Qd2 Rd8 11. hxg6 fxg6 12. Rh4 Nf8 13. Bh6 Ne6 14. Bxg7 Kxg7 15. O-O-O Qc7 16. Rdh1 b5 17. Qd3 Nf8 18. g4 c4 19. Qd1 Be6 20. Qg1 Bg8 21. g5 N6d7 22. Qh2 Nxe5 23. dxe5 b4 24. Na4 Qc6 25. c3 Rab8 26. Qf4 bxc3 27. e6 cxb2+ 28. Kb1 Bxe6 29. Qd4+ Kg8 30. Nc5 Bf5+ 31. e4 dxe4 32. Bxc4+ e6 33. Qe3 Rdc8 34. Bxe6+ Bxe6 35. Qxe4 Bf5 0-1

[Event "EYTCC U12 Open 2019"]
[Site "Pardubice"]
[Date "2019.07.13"]
[Round "3.16"]
[White "Durak, Can"]
[Black "Werner, Hong Quan Dan"]
[Result "1-0"]
[ECO "E61"]
[WhiteElo "1753"]
[BlackElo "1734"]
[Annotator "NA"]
[PlyCount "99"]
[EventDate "2019.07.11"]
[EventType "swiss"]
[EventCountry "CZE"]
[SourceTitle "playchess.com"]
[Source "ChessBase"]
[SourceQuality "1"]
[WhiteTeam "Turkey"]
[BlackTeam "Czech Republic"]
[WhiteTeamCountry "TUR"]
[BlackTeamCountry "CZE"]
[TimeControl "40/5400+30:1800+30"]

1. d4 Nf6 2. c4 g6 3. Nc3 Bg7 4. Nf3 O-O 5. Bg5 h6 6. Bh4 d6 7. e3 c5 8. Be2 Nc6 9. O-O cxd4 10. exd4 Bd7 11. d5 Nb4 12. Rc1 a5 13. Qd2 Na6 14. Rfd1 Nc5 15. Bxf6 Bxf6 16. Qxh6 Bg7 17. Qh4 Re8 18. Ng5 f6 19. Nge4 b6 20. Nxc5 bxc5 21. Bd3 Kf7 22. Qg3 f5 23. Re1 Be5 24. Qf3 Rb8 25. Re2 Rh8 26. h3 Rh4 27. Rce1 Qh8 28. Ne4 Rf4 29. Ng5+ Kf6 30. Qe3 Rh4 31. Nf3 f4 32. Qc1 Rh5 33. Nxe5 dxe5 34. Qc3 Kf7 35. Rxe5 Rxe5 36. Rxe5 f3 37. Re3 Qxc3 38. bxc3 Rb2 39. Rxf3+ Kg7 40. Re3 Kf6 41. Re2 Rb6 42. g4 a4 43. Kf1 a3 44. Bc2 Rb2 45. Bb3 Rb1+ 46. Kg2 Rb2 47. Kf3 Kg5 48. Rxe7 Ba4 49. Bxa4 Rxa2 50. Re1 1-0

[Event "EYTCC U12 Open 2019"]
[Site "Pardubice"]
[Date "2019.07.13"]
[Round "3.17"]
[White "Smolik, Jachym"]
[Black "Day, Tobias"]
[Result "1/2-1/2"]
[ECO "A83"]
[WhiteElo "1757"]
[BlackElo "1826"]
[Annotator "NA"]
[PlyCount "98"]
[EventDate "2019.07.11"]
[EventType "swiss"]
[EventCountry "CZE"]
[SourceTitle "playchess.com"]
[Source "ChessBase"]
[SourceQuality "1"]
[WhiteTeam "Czech Republic"]
[BlackTeam "Czech Republic"]
[WhiteTeamCountry "CZE"]
[BlackTeamCountry "CZE"]
[TimeControl "40/5400+30:1800+30"]

1. d4 f5 2. e4 fxe4 3. Nc3 Nf6 4. Bg5 Nc6 5. d5 Ne5 6. Qd4 Nf7 7. Bxf6 exf6 8. Nxe4 Be7 9. O-O-O O-O 10. g4 d6 11. Ng3 Ne5 12. h3 f5 13. f4 Ng6 14. Bd3 Nxf4 15. Bxf5 g6 16. Kb1 gxf5 17. Qxf4 fxg4 18. Qe4 Qe8 19. hxg4 Qf7 20. N1e2 Bg5 21. Rh5 h6 22. Nd4 Re8 23. Ne6 Bxe6 24. dxe6 Rxe6 25. Qxb7 Rae8 26. Nf5 Re1 27. Rh1 Rxd1+ 28. Rxd1 Re2 29. Qxa7 Qc4 30. Qb8+ Kh7 31. Qb3 Qxb3 32. axb3 Rg2 33. Rd4 Kg6 34. Rc4 h5 35. Rxc7 hxg4 36. Nxd6 g3 37. Rc3 Rg1+ 38. Ka2 g2 39. Rg3 Kh5 40. Ne4 Bf4 41. Rg8 Kh4 42. Nf2 Be3 43. Ne4 Bd4 44. Nd2 Kh3 45. Nf3 Rd1 46. Rd8 Kg3 47. Nxd4 Rxd4 48. Rxd4 g1=Q 49. Ra4 Qc5 1/2-1/2

[Event "EYTCC U12 Open 2019"]
[Site "Pardubice"]
[Date "2019.07.13"]
[Round "3.18"]
[White "Winter, Ondrej"]
[Black "Fizer, Marek"]
[Result "0-1"]
[ECO "B50"]
[WhiteElo "1725"]
[BlackElo "1624"]
[Annotator "NA"]
[PlyCount "82"]
[EventDate "2019.07.11"]
[EventType "swiss"]
[EventCountry "CZE"]
[SourceTitle "playchess.com"]
[Source "ChessBase"]
[SourceQuality "1"]
[WhiteTeam "Czech Republic"]
[BlackTeam "Czech Republic"]
[WhiteTeamCountry "CZE"]
[BlackTeamCountry "CZE"]
[TimeControl "40/5400+30:1800+30"]

1. e4 c5 2. Nf3 d6 3. c3 Nf6 4. Qc2 Nc6 5. Bb5 Bd7 6. O-O e6 7. d4 cxd4 8. cxd4 Be7 9. Nc3 O-O 10. Be3 Rc8 11. a3 e5 12. Bxc6 Bxc6 13. d5 Be8 14. Bxa7 b6 15. Qb3 Nd7 16. Na4 Ra8 17. Bxb6 Nxb6 18. Qxb6 Rxa4 19. Qxd8 Bxd8 20. Rfe1 f5 21. exf5 Rxf5 22. Rac1 Bb6 23. Rc8 Kf7 24. Rb8 Ba7 25. Rb7+ Kf6 26. h3 Bf7 27. Rd7 Ra6 28. b4 Be8 29. b5 Bxd7 30. bxa6 Bb5 31. Re4 Rf4 32. Rxf4+ exf4 33. h4 h6 34. h5 Bxa6 35. Nh4 Be2 36. Ng6 Kg5 37. a4 Bxh5 38. Nf8 Bf7 39. Ne6+ Bxe6 40. dxe6 Kf6 41. Kf1 Kxe6 0-1

[Event "EYTCC U12 Open 2019"]
[Site "Pardubice"]
[Date "2019.07.13"]
[Round "3.19"]
[White "Lang, Simon"]
[Black "Hladky, Tadeas"]
[Result "0-1"]
[ECO "D15"]
[WhiteElo "1506"]
[BlackElo "1638"]
[Annotator "NA"]
[PlyCount "94"]
[EventDate "2019.07.11"]
[EventType "swiss"]
[EventCountry "CZE"]
[SourceTitle "playchess.com"]
[Source "ChessBase"]
[SourceQuality "1"]
[WhiteTeam "Czech Republic"]
[BlackTeam "Czech Republic"]
[WhiteTeamCountry "CZE"]
[BlackTeamCountry "CZE"]
[TimeControl "40/5400+30:1800+30"]

1. d4 d5 2. c4 c6 3. Nc3 Nf6 4. Nf3 dxc4 5. e4 b5 6. Qc2 a6 7. Be2 e6 8. Bf4 Bb7 9. Rd1 Be7 10. O-O O-O 11. Rfe1 Nbd7 12. Bf1 Nb6 13. a3 Re8 14. g3 Qc8 15. Bh3 Nbd7 16. Re2 Qd8 17. Red2 Nb6 18. Bg2 h6 19. Ne5 Bd6 20. Be3 Bc7 21. f4 Qe7 22. Re2 Rad8 23. f5 exf5 24. exf5 Nbd5 25. Nxd5 Nxd5 26. Bxd5 Rxd5 27. Rde1 Bxe5 28. Bf2 Qf6 29. dxe5 Rdxe5 30. Rxe5 Rxe5 31. Rxe5 Qxe5 32. g4 c5 33. Bg3 Qd4+ 34. Qf2 Qd1+ 35. Qe1 Qf3 36. Qd2 Kh7 37. Bf4 Qxg4+ 38. Bg3 Qf3 39. Bf4 Be4 40. Bd6 Qxf5 41. Bf8 Qf3 42. Bxc5 a5 43. Bb6 b4 44. Bxa5 c3 45. bxc3 b3 46. c4 Qh1+ 47. Kf2 Qg2+ 0-1

[Event "EYTCC U12 Open 2019"]
[Site "Pardubice"]
[Date "2019.07.13"]
[Round "3.20"]
[White "Bouska, Jiri"]
[Black "Juhanak, Daniel"]
[Result "0-1"]
[ECO "B13"]
[WhiteElo "1391"]
[BlackElo "1510"]
[Annotator "NA"]
[PlyCount "120"]
[EventDate "2019.07.11"]
[EventType "swiss"]
[EventCountry "CZE"]
[SourceTitle "playchess.com"]
[Source "ChessBase"]
[SourceQuality "1"]
[WhiteTeam "Czech Republic"]
[BlackTeam "Czech Republic"]
[WhiteTeamCountry "CZE"]
[BlackTeamCountry "CZE"]
[TimeControl "40/5400+30:1800+30"]

1. e4 c6 2. d4 d5 3. exd5 cxd5 4. Bd3 Nc6 5. c3 Nf6 6. h3 e5 7. dxe5 Nxe5 8. Qe2 Qe7 9. Bb5+ Bd7 10. Bxd7+ Nfxd7 11. Be3 Nc4 12. Nf3 Nxe3 13. fxe3 Nf6 14. Nbd2 Qc7 15. O-O Bc5 16. Qb5+ Qc6 17. Qxc6+ bxc6 18. Nd4 Rc8 19. N2b3 Bf8 20. Rac1 c5 21. Ne2 c4 22. Nbd4 Bc5 23. Rf5 O-O 24. Rcf1 Rfe8 25. R1f3 a5 26. Rg5 h6 27. Rgf5 a4 28. Nf4 Red8 29. Rg3 Kh7 30. Nh5 Nxh5 31. Rxh5 g6 32. Rh4 Re8 33. Rf4 f5 34. Rgf3 Bd6 35. Rh4 Rb8 36. Nc6 Rb6 37. Na5 Ra8 38. Nxc4 dxc4 39. Rxc4 Rxb2 40. g4 Rb1+ 41. Kg2 Rb2+ 42. Kf1 Rb5 43. Rd4 Be5 44. Rd7+ Bg7 45. e4 fxe4 46. Rff7 Rg8 47. Ra7 Rb1+ 48. Kg2 Rb2+ 49. Rf2 Rxf2+ 50. Kxf2 Rf8+ 51. Ke3 Rf3+ 52. Kxe4 Rxc3 53. Rxa4 Rxh3 54. Ra6 Rh4 55. Kf4 h5 56. Kf3 Rxg4 57. a4 Kh6 58. Ra8 Kh7 59. a5 Ra4 60. a6 h4 0-1

[Event "EYTCC U12 Open 2019"]
[Site "Pardubice"]
[Date "2019.07.13"]
[Round "3.21"]
[White "Bakiev, Diyor"]
[Black "Herega, Nejc"]
[Result "1-0"]
[ECO "B22"]
[WhiteElo "2121"]
[BlackElo "1939"]
[Annotator "NA"]
[PlyCount "101"]
[EventDate "2019.07.11"]
[EventType "swiss"]
[EventCountry "CZE"]
[SourceTitle "playchess.com"]
[Source "ChessBase"]
[SourceQuality "1"]
[WhiteTeam "Germany"]
[BlackTeam "Slovenia"]
[WhiteTeamCountry "GER"]
[BlackTeamCountry "SLO"]
[TimeControl "40/5400+30:1800+30"]

1. e4 c5 2. c3 g6 3. d4 cxd4 4. cxd4 d5 5. e5 Bg7 6. Nc3 Nc6 7. Bb5 Nh6 8. h3 O-O 9. Nf3 a6 10. Bxc6 bxc6 11. O-O f6 12. exf6 exf6 13. Re1 Re8 14. Bf4 Rxe1+ 15. Qxe1 Ra7 16. Na4 Re7 17. Qc1 g5 18. Bh2 Qe8 19. Qc3 g4 20. hxg4 Bxg4 21. Bf4 Re4 22. Bxh6 Bxh6 23. Nc5 Re2 24. Nh2 Bh5 25. Nf1 Bg6 26. b3 Bg5 27. Nxa6 Rc2 28. Qf3 Be4 29. Qg3 Qg6 30. Nc5 Bf5 31. Ne3 Re2 32. Nxf5 Qxf5 33. a4 Kh8 34. Qf3 Qc2 35. a5 Qb2 36. Rf1 Re7 37. Rd1 Kg7 38. a6 Qa3 39. Qf5 h6 40. Ne6+ Kf7 41. Qh7+ Ke8 42. Qg8+ Kd7 43. Qd8+ Kxe6 44. Re1+ Kf5 45. Qxe7 Qxa6 46. Qh7+ Kg4 47. f3+ Kg3 48. f4 Bxf4 49. Qf5 Bc7 50. Qh3+ Kf4 51. Qh2+ 1-0

[Event "EYTCC U12 Open 2019"]
[Site "Pardubice"]
[Date "2019.07.13"]
[Round "3.22"]
[White "Skrbec, Leon"]
[Black "Costa, Leonardo"]
[Result "1-0"]
[ECO "D71"]
[WhiteElo "1896"]
[BlackElo "2002"]
[Annotator "NA"]
[PlyCount "89"]
[EventDate "2019.07.11"]
[EventType "swiss"]
[EventCountry "CZE"]
[SourceTitle "playchess.com"]
[Source "ChessBase"]
[SourceQuality "1"]
[WhiteTeam "Slovenia"]
[BlackTeam "Germany"]
[WhiteTeamCountry "SLO"]
[BlackTeamCountry "GER"]
[TimeControl "40/5400+30:1800+30"]

1. d4 Nf6 2. c4 g6 3. g3 Bg7 4. Nf3 O-O 5. Bg2 d6 6. O-O c6 7. Nc3 Qb6 8. b3 e5 9. Ba3 Rd8 10. Qc2 exd4 11. Na4 Qc7 12. Nxd4 Nbd7 13. Rfd1 Nf8 14. Rac1 Ne6 15. Bb2 Nxd4 16. Bxd4 Qe7 17. Nc3 Be6 18. e4 Ng4 19. Bxg7 Kxg7 20. h3 Nf6 21. Re1 Qf8 22. f4 Kg8 23. Qb2 Qg7 24. Rcd1 Ne8 25. Qc2 Rac8 26. Ne2 Rc7 27. Nd4 Bc8 28. Nf3 Rcd7 29. h4 Qf8 30. Qf2 a6 31. Rd2 Ng7 32. Bh3 Rc7 33. Bxc8 Rcxc8 34. Red1 Qe7 35. Qe1 Kf8 36. e5 dxe5 37. Nxe5 f6 38. Nd7+ Kf7 39. Qf2 Ne6 40. f5 Nf8 41. Re1 Qb4 42. fxg6+ Nxg6 43. h5 Qc3 44. hxg6+ hxg6 45. Rc2 1-0

[Event "EYTCC U12 Open 2019"]
[Site "Pardubice"]
[Date "2019.07.13"]
[Round "3.23"]
[White "Deuer, Marius"]
[Black "Gregoric, Andraz"]
[Result "1-0"]
[ECO "C88"]
[WhiteElo "1881"]
[BlackElo "1911"]
[Annotator "NA"]
[PlyCount "61"]
[EventDate "2019.07.11"]
[EventType "swiss"]
[EventCountry "CZE"]
[SourceTitle "playchess.com"]
[Source "ChessBase"]
[SourceQuality "1"]
[WhiteTeam "Germany"]
[BlackTeam "Slovenia"]
[WhiteTeamCountry "GER"]
[BlackTeamCountry "SLO"]
[TimeControl "40/5400+30:1800+30"]

1. e4 e5 2. Nf3 Nc6 3. Bb5 a6 4. Ba4 Nf6 5. O-O Be7 6. Re1 b5 7. Bb3 O-O 8. a4 b4 9. d3 d6 10. Nbd2 Na5 11. Ba2 c5 12. Nc4 h6 13. Ne3 Be6 14. Nf5 Bxf5 15. exf5 Qd7 16. Nh4 b3 17. cxb3 Nc6 18. Bd2 Rab8 19. b4 Nxb4 20. Bxb4 Rxb4 21. Ng6 Re8 22. Qf3 Nh7 23. Bxf7+ Kxf7 24. Qd5+ Kf6 25. Nxe5 Qxf5 26. Qf7+ Kg5 27. Nf3+ Qxf3 28. gxf3 Rf8 29. Qxe7+ Rf6 30. Qxg7+ Rg6 31. Qxh7 1-0